Map: Acropolis LE

Players

playezvibe - Winner!

  • Race: Terran Terran
  • League: Bronze
  • Spawn Location: 5:00

짜벙호크

  • Race: Protoss Protoss
  • Spawn Location: 11:00

VOD

Have the link to the VOD?

Description

Time

  • Played on: July 15, 2019, 6:30 p.m.
  • Length: 26:01
Show
View Real Time Build Order
Export as new Build Order

playezvibe Terran - Winner!

Build Orders: Gas First Reaper Expand 

Get SALT Encoding   

  12  0:19  Supply Depot  
  12  0:28  Supply Depot  
  12  0:34  Refinery  
  12  0:46  Barracks  
  12  1:00  SCV  
  13  1:12  SCV  
  14  1:24  SCV  
  15  1:36  SCV, Reaper  
  17  1:48  SCV  
  17  1:51  Barracks  
  18  2:18  Barracks Reactor  
  18  2:25  Orbital Command  
  18  3:05  Barracks Tech Lab  
  18  3:13  Marine x2  
  20  3:30  Command Center  
  20  3:31  Marine x2  
  20  3:33  Stimpack  
  22  3:36  SCV  
  23  3:48  Factory  
  23  3:49  SCV, Marine x2  
  26  4:01  SCV  
  27  4:06  Marine  
  27  4:07  Marauder, Marine  
  31  4:13  SCV  
  32  4:25  SCV  
  32  4:28  Marauder  
  35  4:34  Marine x2  
  37  4:47  Starport  
  37  4:52  Marine x2  
  38  4:53  SCV  
  40  5:06  SCV  
  41  5:10  Marine x2  
  41  5:14  Refinery x2  
  43  5:18  SCV, Bunker  
  44  5:25  Factory Tech Lab  
  44  5:28  Marine x2  
  45  5:34  Concussive Shells  
  46  5:44  SCV  
  46  5:49  SCV  
  48  5:56  SCV  
  48  5:57  Starport Tech Lab  
  49  6:01  Siege Tank  
  52  6:08  SCV  
  53  6:17  Combat Shield  
  53  6:20  SCV  
  53  6:25  Supply Depot  
  54  6:32  SCV  
  55  6:44  SCV, Corvid Reactor  
  56  6:48  Supply Depot  
  56  6:49  Raven  
  58  6:56  SCV  
  59  7:08  SCV  
  59  7:10  Marine x2  
  59  7:13  Supply Depot  
  62  7:21  SCV  
  63  7:28  Marine x2  
  65  7:33  SCV  
  65  7:36  Supply Depot  
  66  7:37  Medivac  
  68  7:45  SCV  
  68  7:46  Marine x2  
  71  7:57  SCV  
  72  7:59  Supply Depot, Marauder  
  72  8:03  Rapid Reignition System, Marine  
  72  8:04  Marine  
  76  8:07  Medivac  
  76  8:09  SCV  
  79  8:20  Refinery  
  79  8:21  Marauder, Supply Depot  
  81  8:37  Medivac  
  83  8:42  Marauder  
  83  8:43  SCV  
  83  8:44  Supply Depot  
  86  8:55  SCV  
  86  8:59  Cloaking Field  
  87  9:03  Marauder  
  87  9:05  Cyclone  
  87  9:08  SCV  
  93  9:20  SCV  
  94  9:25  Marauder  
  96  9:37  Cyclone  
  99  9:46  Marauder  
  101  9:58  Engineering Bay  
  101  10:08  Marauder  
  101  10:09  Cyclone  
  106  10:19  Hyperflight Rotors  
  106  10:24  Armory  
  106  10:25  Engineering Bay  
  106  10:29  Marauder  
  106  10:32  Supply Depot  
  108  10:41  Cyclone  
  111  10:50  Marauder  
  111  10:55  Terran Infantry Weapons Level 1  
  113  10:57  Terran Infantry Armor Level 1  
  113  10:58  Fusion Core  
  113  11:09  Infernal Pre-Igniter  
  113  11:12  Marauder  
  113  11:13  Cyclone  
  113  11:14  Terran Vehicle Weapons Level 1, Armory  
  118  11:33  Supply Depot, Marauder  
  118  11:36  Supply Depot  
  118  11:39  Supply Depot  
  120  11:50  Banshee  
  123  11:55  Marauder  
  123  11:58  Supply Depot  
  125  12:16  Marauder  
  125  12:17  Supply Depot  
  125  12:19  Advanced Ballistics  
  125  12:22  Supply Depot  
  127  12:25  Starport  
  127  12:33  Banshee  
  127  12:36  Terran Ship Weapons Level 1  
  130  12:40  Supply Depot  
  130  12:41  Smart Servos  
  130  12:54  Marine x2  
  130  12:56  Command Center  
  132  13:12  Marine x2  
  133  13:16  Banshee  
  137  13:25  Starport Reactor  
  137  13:26  Supply Depot  
  137  13:30  Marine x2, Weapon Refit  
  139  13:44  Terran Infantry Weapons Level 2  
  139  13:46  Terran Infantry Armor Level 2  
  139  13:48  Marine x2  
  141  13:49  Supply Depot, Terran Vehicle And Ship Armor Level 1  
  141  13:56  Refinery  
  141  13:59  Banshee, Drilling Claws  
  144  14:11  Orbital Command  
  144  14:12  Supply Depot  
  144  14:17  SCV  
  144  14:19  Refinery  
  145  14:28  Siege Tank  
  145  14:29  SCV  
  149  14:35  Supply Depot  
  149  14:42  SCV, Banshee  
  153  14:54  SCV, Liberator  
  153  14:55  Liberator  
  153  14:58  Supply Depot  
  154  15:00  Siege Tank  
  154  15:06  SCV  
  158  15:08  Marauder  
  158  15:10  Factory  
  166  15:20  Supply Depot  
  166  15:29  Marauder  
  166  15:32  Siege Tank  
  171  15:37  Liberator  
  171  15:38  Liberator  
  171  15:49  Supply Depot  
  171  15:51  Marauder  
  171  15:55  Factory Tech Lab  
  179  16:04  Siege Tank  
  182  16:12  Marauder, Supply Depot  
  184  16:33  Marauder  
  184  16:37  Siege Tank, Viking  
  184  16:38  Viking  
  193  16:55  Widow Mine  
  195  17:07  Viking x2  
  199  17:43  Terran Vehicle Weapons Level 2  
  199  17:45  Terran Ship Weapons Level 2  
  199  17:47  Terran Infantry Weapons Level 3  
  199  17:48  Terran Infantry Armor Level 3  
  186  18:42  Liberator x2  
  185  19:25  Liberator x2  
  191  20:07  Liberator  
  191  20:08  Liberator  
  194  20:50  Liberator x2  
  197  22:13  Liberator  
  197  22:15  Liberator  
Show
View Real Time Build Order
Export as new Build Order

짜벙호크 Protoss 

Build Orders:  

Get SALT Encoding   

  12  0:14  Pylon  
  12  0:22  Probe  
  13  0:34  Probe  
  14  0:46  Probe  
  14  0:47  Gateway  
  15  0:58  Probe  
  16  1:20  Forge  
  16  1:25  Pylon  
  16  1:29  Assimilator  
  16  1:40  Cybernetics Core  
  16  1:52  Gateway  
  16  1:59  Gateway  
  16  2:33  Assimilator  
  16  2:51  Stalker  
  18  3:16  Probe  
  19  3:31  Stalker  
  21  3:39  Nexus  
  21  3:47  Pylon  
  21  3:52  Pylon  
  21  4:01  Stalker  
  23  4:20  Gateway  
  23  4:31  Stalker  
  23  4:37  Photon Cannon  
  25  4:41  Photon Cannon  
  25  4:43  Protoss Ground Weapons Level 1  
  25  4:48  Photon Cannon  
  25  5:01  Stalker  
  27  5:21  Probe  
  28  5:31  Adept  
  28  5:33  Probe  
  31  5:43  Robotics Facility  
  31  5:45  Probe  
  31  5:49  Warp Gate  
  32  5:57  Probe  
  33  6:13  Assimilator  
  33  6:24  Assimilator  
  33  6:31  Adept  
  35  6:41  Observer  
  36  6:52  Protoss Ground Armor Level 1  
  36  7:01  Adept  
  36  7:03  Probe  
  39  7:15  Probe  
  40  7:28  Probe  
  41  7:31  Adept  
  43  7:40  Robotics Bay, Probe  
  44  7:46  Robotics Facility  
  44  8:01  Adept  
  46  8:07  Pylon  
  46  8:22  Photon Cannon  
  46  8:27  Photon Cannon  
  46  8:32  Photon Cannon  
  46  8:44  Robotics Bay  
  46  8:50  Probe  
  47  9:02  Probe, Immortal  
  52  9:15  Probe  
  53  9:24  Stargate  
  53  9:30  Stalker  
  55  9:32  Stalker  
  55  9:34  Stalker  
  59  9:41  Immortal  
  63  10:24  Fleet Beacon  
  63  10:33  Colossus  
  69  11:02  Gravitic Boosters  
  69  11:03  Cybernetics Core  
  69  11:26  Twilight Council  
  69  11:40  Pylon  
  69  11:57  Colossus  
  69  11:58  Oracle  
  69  11:59  Gravitic Drive  
  78  12:04  Pylon  
  78  12:12  Pylon  
  78  12:29  Blink  
  78  12:35  Tempest  
  83  13:18  Tempest  
  88  13:35  Immortal  
  92  13:50  Stalker  
  94  15:11  Pylon  
  94  15:18  Pylon  
  94  15:24  Pylon  
  94  15:29  Immortal  
  94  15:34  Pylon  
  98  15:36  Tempest  
  103  16:08  Immortal  
  107  16:19  Carrier  
  113  16:48  Immortal  
  117  17:07  Anion Pulse-Crystals  
  117  17:23  Carrier  
  117  17:27  Observer  
  124  17:42  Charge  
  124  18:04  Protoss Ground Weapons Level 2  
  124  18:12  Templar Archives  
  124  18:20  Dark Shrine  
  121  18:29  Carrier  
  110  19:22  Resonating Glaives  
  110  19:33  Carrier  
  116  19:52  Nexus  
  116  20:05  Pylon  
  116  20:12  Pylon  
  112  20:37  Protoss Ground Armor Level 2, Carrier  
  114  20:57  Photon Cannon  
  114  21:35  Photon Cannon  
  114  21:39  Probe  
  115  21:51  Probe  
  116  22:03  Probe  
  114  22:16  Probe  
  111  22:28  Probe  
  112  23:08  Protoss Shields Level 1  
  112  23:34  Pylon  
  112  23:42  Photon Cannon  
  112  23:51  Photon Cannon  
  112  24:00  Photon Cannon  
  112  24:26  Carrier  
  118  24:49  Probe  
  114  25:01  Probe  
  93  25:14  Probe  
Tags
 
Add a new tag
Caveats
  • Supply blocks, unpowered buildings, or Contaminate may cause inaccurate times.
  • Supply counts are checked every 10 seconds.